 Dungeon Crawl Stone Soup version 0.20.1-1-g8b1a95d (webtiles) character file.

47 dohliylev the Covert (level 3, -2/27 HPs)
             Began as a Vampire Assassin on Dec 3, 2017.
             Killed from afar by an orc wizard (3 damage)
             ... with a magic dart
             ... on level 3 of the Dungeon.
             The game lasted 00:07:25 (1492 turns).

dohliylev the Covert (Vampire Assassin)             Turns: 1492, Time: 00:07:25

Health: -2/27      AC:  3    Str: 10    XL:     3   Next: 48%
Magic:  3/3        EV:  9    Int: 13    God:
Gold:   122        SH:  9    Dex: 16    Spells: 2/2 levels left

rFire    + . .     SeeInvis +   a - +2 dagger
rCold    . . .     Gourm    .   u - +2 shield
rNeg     . . .     Faith    .   c - +0 robe
rPois    .         Spirit   .   (no helmet)
rElec    .         Reflect  .   d - +0 cloak
rCorr    .         Harm     .   (no gloves)
MR       .....                  (no boots)
Stlth    ++++......             (no amulet)
Regen    0.3/turn               h - ring of protection from fire
MPRegen  0.1/turn               (no ring)

@: regenerating quickly
A: fangs 3, see invisible, unbreathing
a: no special abilities


You were on level 3 of the Dungeon.
You were full.

You visited 1 branch of the dungeon, and saw 3 of its levels.

You collected 122 gold pieces.

Inventory:

Hand Weapons
 a - a +2 dagger (weapon)
 b - a +0 blowgun
 l - a cursed -1 short sword
Missiles
 e - 21 poisoned needles
 f - 2 curare-tipped needles
Armour
 c - a +0 robe (worn)
 d - a +0 cloak (worn)
 u - a +2 shield (worn)
Jewellery
 h - a ring of protection from fire (left hand)
Scrolls
 i - a scroll of blinking {unknown}
 k - a scroll of fear {unknown}
 m - a scroll of enchant armour {unknown}
 o - 2 scrolls of remove curse {unknown}
 q - 2 scrolls of identify {unknown}
 s - a scroll of noise {unknown}
 t - 2 scrolls of recharging {unknown}
 v - a scroll of enchant weapon {unknown}
Potions
 g - 4 potions of blood
 j - a potion of curing {unknown}
 n - 2 potions of lignification {unknown}
 p - a potion of resistance {unknown}


   Skills:
 - Level 1.7 Fighting
 * Level 2.1 Short Blades
 - Level 1.5 Throwing
 * Level 1.1 Dodging
 - Level 8.0 Stealth


You had 2 spell levels left.
You didn't know any spells.

Dungeon Overview and Level Annotations

Branches:
Dungeon (3/15)

Altars:
Zin
The Shining One


Innate Abilities, Weirdness & Mutations

Your natural rate of healing is unusually fast.
You have razor-sharp teeth.
You have supernaturally acute eyesight. (SInv)
You can survive without breathing.


Message History

The orc wizard is heavily wounded.
The orc wizard gestures at you while chanting.
The magic dart hits you!
You hit the orc wizard.
The orc wizard is heavily wounded.
The orc wizard hits you with a dagger.
You hit the orc wizard. You bite the orc wizard.
The orc wizard is severely wounded.
You block the orc wizard's attack.
You hit the orc wizard but do no damage.
Your bite misses the orc wizard.
The orc wizard is severely wounded.
The orc priest calls down the wrath of Beogh upon you.
Beogh smites you!
* * * LOW HITPOINT WARNING * * *
You block the orc wizard's attack.
You hear a shout!
The orc wizard points at you and mumbles some strange words.
The magic dart hits you!
You die...

####+#+########.#
#..........(....#
#........########
#........#
#######.#'#.#
#... #.#...# #...
#.#####
####.)o###.#
......oo.@>#
.....oo#####
....... ......ยง
##..... #....o
#....o ....o.


You could see an orc priest, an orc wizard and 3 orcs.

Vanquished Creatures
  2 oozes (D:2)
  A dart slug (D:1)
  A leopard gecko (D:2)
  4 bats
  3 giant cockroaches (D:1)
  4 goblins
  A hobgoblin (D:1)
  4 jackals (D:1)
  5 kobolds
  2 frilled lizards
  5 rats
32 creatures vanquished.

Notes
Turn   | Place    | Note
-------+----------+-------------------------------------------
     0 | D:1      | dohliylev the Vampire Assassin began the quest for the Orb.
     0 | D:1      | Reached XP level 1. HP: 16/16 MP: 1/1
     6 | D:1      | Noticed a hog
     6 | D:1      | Noticed a swamp worm
     6 | D:1      | Noticed a four-headed hydra
     7 | D:1      | Noticed a komodo dragon
     7 | D:1      | Noticed a killer bee
    11 | D:1      | Reached skill level 6 in Stealth
   115 | D:1      | Reached XP level 2. HP: 22/22 MP: 2/2
   419 | D:1      | Reached skill level 7 in Stealth
   942 | D:2      | Reached XP level 3. HP: 27/27 MP: 3/3
   951 | D:2      | Found a glowing silver altar of Zin.
   992 | D:2      | Found a glowing golden altar of the Shining One.
  1377 | D:2      | Reached skill level 8 in Stealth
  1491 | D:3      | HP: 1/27 [orc priest/divine providence (11)]
  1492 | D:3      | Killed from afar by an orc wizard

Skill      XL: |  1  2  3 |
---------------+----------+-----
Stealth        | 6 7 8 |  8.0
Fighting       | |  1.7
Short Blades   | |  2.1
Throwing       | |  1.5
Dodging        | |  1.1

Action                   || total
-------------------------++-------
Melee: Dagger            ||   120
       Bite              ||     8
 Stab: Sleeping          ||     6
       Distracted        ||     1
  Eat: Corpse            ||     8
Armor: Robe              ||    25
Dodge: Dodged            ||    48
Block: Shield            ||    14
